 Dungeon Crawl Stone Soup version 0.27.0-1-g7a089689b8 (webtiles) character file.

Game seed: 2952949478785400494

108 MajorAdolf the Magician (level 4, -1/40 HPs)
             Began as a Naga Wanderer on Aug 12, 2021.
             Slain by Grinder (9 damage)
             ... on level 2 of the Dungeon.
             The game lasted 00:09:40 (3338 turns).

MajorAdolf the Magician (Naga Wanderer)             Turns: 3338, Time: 00:09:41

Health: -1/40      AC:  2    Str: 11    XL:     4   Next: 87%
Magic:  8/9        EV:  9    Int: 16    God:
Gold:   90         SH:  0    Dex: 11    Spells: 1/10 levels left

rFire    . . .     SeeInvis +   d - +0 dagger
rCold    . . .     Faith    .   (no shield)
rNeg     . . .     Spirit   .   b - +0 robe
rPois    +         Reflect  .   (no helmet)
rElec    .         Harm     .   (no cloak)
rCorr    .         Rampage  .   (no gloves)
Will     .....                  (no barding)
Stlth    ++........             (no amulet)
HPRegen  0.13/turn              (no ring)
MPRegen  0.11/turn              (no ring)

@: mighty, brilliant, very slow
A: AC +1, large, see invisible, deformed body, poison resistance, slowness 2,
spit poison 1, naga tail 1
a: Spit Poison


You were on level 2 of the Dungeon.
You visited 1 branch of the dungeon, and saw 3 of its levels.

You collected 90 gold pieces.

Inventory:

Hand Weapons
 a - a +0 club
 c - a +0 short sword
 d - a +0 dagger (weapon)
Missiles
 g - 3 curare-tipped darts
Armour
 b - a +0 robe (worn)
Magical Staves
 h - a staff of air
Jewellery
 i - a +4 ring of protection
Scrolls
 f - 3 scrolls of identify {unknown}
 l - a scroll of noise {unknown}
Potions
 m - a potion of invisibility {unknown}


   Skills:
 + Level 2.8 Fighting
 - Level 1.5 Stealth
 + Level 3.6 Spellcasting
 + Level 1.9 Conjurations
 - Level 3.0 Necromancy
 + Level 1.0 Fire Magic
 - Level 1.0 Ice Magic
 + Level 0.1 Air Magic
 + Level 0.3 Poison Magic
 - Level 1.0 Evocations


You had one spell level left.
You knew the following spells:

 Your Spells              Type           Power      Damage    Failure   Level
a - Magic Dart            Conj           52%        1d5       8%          1
b - Mephitic Cloud        Conj/Pois/Air  8%         N/A       36%         3
c - Conjure Flame         Conj/Fire      11%        6-21      28%         3
d - Static Discharge      Conj/Air       9%         N/A       17%         2

Your spell library contained the following spells:

 Spells                   Type           Power      Damage    Failure   Level
 Pain                     Necr           72%        1d7       5%          1
 Apportation              Tloc           8%         N/A       19%         1
 Summon Small Mammal      Summ           16%        N/A       19%         1
 Vampiric Draining        Necr           9%         2d7       16%         3
 Blink                    Tloc           N/A        N/A       26%         2
 Call Imp                 Summ           4%         N/A       26%         2
 Slow                     Hex            4%         N/A       26%         2
 Dispel Undead            Necr           18%        3d11      45%         4
 Call Canine Familiar     Summ           4%         N/A       47%         3
 Portal Projectile        Hex/Tloc       8%         N/A       47%         3
 Summon Guardian Golem    Hex/Summ       4%         N/A       47%         3
 Sticky Flame             Conj/Fire      11%        2d3       67%         4


Dungeon Overview and Level Annotations

Branches:
Dungeon (3/15)

Altars:
Qazlal

Shops:
D:2 =

Annotations:
D:2 Grinder


Innate Abilities, Weirdness & Mutations

Your serpentine skin is tough. (AC +1)
You have supernaturally acute eyesight. (SInv)
Armour fits poorly on your strangely shaped body.
Your system is resistant to poisons. (rPois)
You cover ground very slowly.
You can spit poison.
You have a snake-like lower body.


Message History

Unknown command.
Okay, then.
Okay, then.
Grinder hits you!
There is a stone staircase leading up, spattered with blood here.
You hit Grinder.
Grinder is lightly wounded.
Grinder hits you.
You writhe in agony.
* * * LOW HITPOINT WARNING * * *
Grinder is nearby!
You hit Grinder but do no damage.
Grinder is lightly wounded.
Grinder barely misses you.
Unknown command.
It was a potion of curing.
You feel better. Grinder completely misses you.
It was a potion of might.
You feel very mighty all of a sudden. Grinder barely misses you.
You barely miss Grinder.
Grinder is lightly wounded.
Grinder barely misses you.
Unknown command.
It was a potion of brilliance.
You feel clever all of a sudden. Grinder hits you.
You writhe in agony.
* * * LOW HITPOINT WARNING * * *
Unknown command.
Okay, then.
You aren't carrying any items that you can evoke.
Unknown command.
Casting: Magic Dart (safe; 8% risk of failure)
Confirm with . or Enter, or press ? or * to list all spells.
Okay, then.
Casting: Magic Dart (safe; 8% risk of failure)
Confirm with . or Enter, or press ? or * to list all spells.
You feel a surge of power!
Grinder is struck by an arc of lightning.
Grinder is lightly wounded.
The lightning grounds out.
Grinder hits you!
You die...

######..).......## ####### ###
................# #.....#####.<
##..............#####.##.........
#..##.......................##...
#.####........................†..
..# ##........###.#.######......
.## ###........###.#.# ###...#
.####...........##.#.# ###..
................@5.>.# #..
..####..........#...### #.# ###
#..........#.#...#########.. #
#..........#...........##...
##........#.................
#...........................
######.###..##...#...............
.......# #..##......(............
......## #..##...#..........###.#


You could see Grinder.

Vanquished Creatures
  6 adders
  2 dart slugs (D:2)
  5 endoplasms
  A giant cockroach (D:2)
  4 goblins
  4 hobgoblins
  2 quokkas (D:1)
  4 ball pythons
  11 bats
  4 frilled lizards
  7 kobolds
  A rat (D:1)
51 creatures vanquished.

Vanquished Creatures (others)
  2 plants (D:1)
2 creatures vanquished.

Grand Total: 53 creatures vanquished

Notes
Turn   | Place    | Note
-------+----------+-------------------------------------------
     0 | D:1      | MajorAdolf the Naga Wanderer began the quest for the Orb.
     0 | D:1      | MajorAdolf set off with the following items: a +0 club, a
                  | +0 robe; and the following spells available to memorise:
                  | Pain, Vampiric Draining, Apportation, Magic Dart, Blink,
                  | Call Imp, Slow, Conjure Flame, Mephitic Cloud, Portal
                  | Projectile
     0 | D:1      | Reached XP level 1. HP: 15/15 MP: 4/4
    66 | D:1      | Reached skill level 1 in Fighting
   581 | D:1      | Reached XP level 2. HP: 25/25 MP: 6/6
   591 | D:1      | Learned a level 1 spell: Magic Dart
   718 | D:1      | Found a faded altar of an unknown god.
  1139 | D:1      | Reached XP level 3. HP: 32/32 MP: 5/7
  1841 | D:2      | Reached skill level 1 in Conjurations
  2408 | D:2      | Found a stormy altar of Qazlal.
  2428 | D:2      | Reached XP level 4. HP: 40/40 MP: 2/9
  2845 | D:2      | Learned a level 3 spell: Mephitic Cloud
  2849 | D:2      | Learned a level 3 spell: Conjure Flame
  2931 | D:2      | Learned a level 2 spell: Static Discharge
  3073 | D:2      | Found Pusoviez's Jewellery Emporium.
  3315 | D:3      | Noticed Grinder
  3323 | D:3      | Paralysed by Grinder for 4 turns
  3338 | D:2      | Slain by Grinder

Illustrated notes

Levels and vault maps discovered:
D:1:      kennysheep_arrival_seaside, layout_rooms,
          shapermc_ecumenical_altar_acropolis
D:2:      layout_rooms, basic_altar, serial_shops, shop
D:3:      layout_rooms, uniq_natasha, uniq_grinder, uniq_sigmund

Skill      XL: |  1  2  3 |
---------------+----------+-----
Fighting       | 1 2 |  2.8
Conjurations   | 1 |  1.9
Stealth        | |  1.5
Spellcasting   | |  3.6
Necromancy     | |  3.0
Fire Magic     | |  1.0
Ice Magic      | |  1.0
Air Magic      | |  0.1
Poison Magic   | |  0.3
Evocations     | |  1.0

Action                   |  1- 3 |  4- 6 || total
-------------------------+-------+-------++-------
Melee: Club              |    13 |       ||    13
       Dagger            |     7 |     4 ||    11
 Cast: Magic Dart        |    75 |    43 ||   118
       Static Discharge  |       |     1 ||     1
 Abil: Spit Poison       |    25 |     1 ||    26
  Use: Potion            |       |     3 ||     3
Armor: Robe              |     6 |     1 ||     7
Dodge: Dodged            |    26 |    13 ||    39
